 Dungeon Crawl Stone Soup version 0.19-a0-644-gd04d753 (webtiles) character file.

595 Blunderbuss the Sneak (level 7, -2/55 HPs)
             Began as a Formicid Monk on June 14, 2016.
             Killed by nerve-wracking pain
             ... invoked by an orc priest
              (14 damage)
             ... on level 5 of the Dungeon.
             The game lasted 00:16:12 (3560 turns).

Blunderbuss the Sneak (Formicid Monk)               Turns: 3560, Time: 00:16:12

Health: -2/55      AC: 12    Str: 16    XL:     7   Next: 67%
Magic:  7/7        EV:  8    Int:  6    God:    Xom [....*.]
Gold:   174        SH:  0    Dex: 14    Spells: 0 memorised, 6 levels left

rFire  . . .     SeeInvis +     t - +5 quarterstaff (chaos)
rCold  . . .     Gourm    .     h - +0 chain mail
rNeg   . . .     Faith    .     (no shield)
rPois  +         Spirit   .     (helmet unavailable)
rElec  .         Dismiss  .     s - +0 cloak
rCorr  .         Reflect  .     c - +0 pair of gloves
SustAt .         Harm     .     o - +0 pair of boots
MR     .....                    (no amulet)
Stlth  ..........               e - -4 ring of intelligence (curse)
                                d - ring of poison resistance

@: not resistant to hostile enchantments, extremely unstealthy
A: permanent stasis, dig shafts and tunnels, four strong arms, antennae 3
a: Dig, Shaft Self, Renounce Religion


You were on level 5 of the Dungeon.
You worshipped Xom.
You were a beloved toy of Xom.
You were not hungry.

You visited 2 branches of the dungeon, and saw 6 of its levels.

You collected 174 gold pieces.

Inventory:

Hand Weapons
 f - a +5 flail of protection
 g - a +0 halberd of flaming
 t - a +5 quarterstaff of chaos (weapon)
Armour
 c - a +0 pair of gloves (worn)
 h - a +0 chain mail (worn)
 k - a +0 scale mail
 o - a +0 pair of boots (worn)
 s - a +0 cloak (worn)
Jewellery
 d - a ring of poison resistance (left hand)
 e - a cursed -4 ring of intelligence (right hand)
Scrolls
 b - 3 scrolls of fear
Potions
 a - a potion of lignification {unknown}
 i - a potion of agility {unknown}
 l - a potion of invisibility
 r - a potion of magic
Comestibles
 n - 2 bread rations
 p - 2 meat rations
 u - a beef jerky


   Skills:
 + Level 4.7 Fighting
 + Level 0.0(0.5) Maces & Flails
 + Level 1.6(1.8) Polearms
 + Level 1.2(1.6) Staves
 * Level 3.3 Armour
 + Level 3.7 Dodging
 + Level 5.5 Stealth
 + Level 5.0 Unarmed Combat


You had 6 spell levels left.
You didn't know any spells.

Dungeon Overview and Level Annotations

Branches:
Dungeon (5/15)             Temple (1/1) D:4

Altars:
Ashenzari
Elyvilon
Fedhas
Hepliaklqana
Makhleb
Nemelex Xobeh
Sif Muna
Trog
Xom
Yredelemnul
Zin

Annotations:
D:3 2tousent's ghost, amateur DsNe


Innate Abilities, Weirdness & Mutations

You are under a permanent stasis effect.
You can dig through walls and to a lower floor.
Your four strong arms can wield two-handed weapons with a shield.
You have a pair of large antennae on your head. (SInv)


Message History

The orc wizard miscasts a cantrip.
The orc wizard barely misses you. The quokka barely misses you.
The orc priest barely misses you. The orc wizard hits you with a dagger.
* * * LOW HITPOINT WARNING * * *
Your chain mail prevents you from hitting the orc wizard.
The orc wizard barely misses you.
The quokka bites you but does no damage.
The orc priest hits you but does no damage.
The orc wizard hits you but does no damage. x2
The quokka closely misses you.
The orc priest hits you but does no damage.
You sock the orc wizard!
You kill the orc wizard!
The orc wizard hits you but does no damage.
The quokka bites you but does no damage.
The orc wizard hits you but does no damage.
The orc priest calls down the wrath of Beogh upon you.
Pain shoots through your body!
You die...
Xom cackles wildly!

.##.### .....
..... . ... .. .#
... # ...
...######§#.#....
...#....ro#......
.......§o@§......
.<.....§§§##.....
.......§§.# ...
..........# .
..........# {
..........#
####+###
..........#
#......#
..........#
#....#..<....
..........#
#....#.......


You could see an orc priest, an orc wizard (invisible) and a quokka.

Vanquished Creatures
  Edmund (D:5)
  2 ogres (D:4)
  A centaur (D:4)
  An orc priest (D:5)
  Crazy Yiuf (D:2)
  2 orc wizards (D:5)
  A gnoll (D:2)
  3 adders (D:2)
  2 oozes
  An adder skeleton (D:4)
  2 worms
  2 giant geckos
  7 orcs
  3 giant cockroaches
  6 goblins
  5 hobgoblins
  6 jackals (D:1)
  9 kobolds
  A ball python (D:1)
  5 bats
  3 giant newts
  10 rats
74 creatures vanquished.

Notes
Turn   | Place    | Note
--------------------------------------------------------------
     0 | D:1      | Blunderbuss the Formicid Monk began the quest for the Orb.
     0 | D:1      | Reached XP level 1. HP: 18/18 MP: 1/1
    58 | D:1      | Reached XP level 2. HP: 5/24 MP: 2/2
   469 | D:1      | Reached XP level 3. HP: 22/29 MP: 3/3
  1207 | D:2      | Reached XP level 4. HP: 33/35 MP: 4/4
  1598 | D:2      | Found a shattered altar of Ashenzari.
  1841 | D:2      | Reached XP level 5. HP: 35/42 MP: 5/5
  1957 | D:2      | Noticed Crazy Yiuf
  1961 | D:2      | Killed Crazy Yiuf
  2318 | D:3      | Noticed 2tousent's ghost (amateur DsNe)
  2541 | D:4      | Noticed an ogre
  2550 | D:4      | Killed an ogre
  2550 | D:4      | Reached skill level 1 in Armour
  2550 | D:4      | Reached skill level 5 in Stealth
  2550 | D:4      | Reached XP level 6. HP: 48/48 MP: 6/6
  2598 | D:4      | Reached skill level 1 in Polearms
  2724 | D:4      | Found a deep blue altar of Sif Muna.
  2752 | D:4      | Found a staircase to the Ecumenical Temple.
  2758 | Temple   | Entered the Ecumenical Temple
  2855 | Temple   | Became a worshipper of Xom of Chaos
  2981 | D:4      | Noticed an ogre
  2986 | D:4      | Killed an ogre
  2986 | D:4      | Reached XP level 7. HP: 30/54 MP: 7/7
  3132 | D:4      | Found a glowing silver altar of Zin.
  3475 | D:5      | Entered Level 5 of the Dungeon
  3476 | D:5      | XOM: potion effect (agility)
  3492 | D:5      | Noticed Edmund
  3520 | D:5      | Killed Edmund
  3520 | D:5      | Reached skill level 1 in Staves
  3553 | D:5      | Reached skill level 5 in Unarmed Combat
  3554 | D:5      | XOM: fog
  3560 | D:5      | Killed from afar by an orc priest

Vault maps used:
D:1:      dpeg_arrival_refuge, minmay_misc_feat_encased, minivault_19
D:2:      forest_paths, marbit_many_paths, first_bread, st_stairs_12,
          uniq_crazy_yiuf_cottage
D:3:      lemuel_doored_altar
D:4:      minitemple, minmay_temple_entry_hall
D:5:      black_bear_nest_2, vehumet_altar_wand_db, nicolae_gozag_seed_capital,
          portal_sewer_entry_b, kennysheep_generic_room_7, uniq_edmund,
          uniq_menkaure, uniq_eustachio
Temple:   cyrus_temple_forest_13

Skill      XL: |  1  2  3  4  5  6  7 |
---------------+----------------------+-----
Stealth        | 3 4 5 |  5.5
Dodging        | 3 |  3.7
Fighting       | 4 |  4.7
Armour         | 1 2 3 |  3.3
Polearms       | 1 |  1.6
Staves         | 1 |  1.2
Unarmed Combat | 5 |  5.0

Action                   |  1- 3 |  4- 6 |  7- 9 || total
-------------------------+-------+-------+-------++-------
Melee: Unarmed           |   107 |    20 |       ||   127
       Punch             |     1 |     2 |     2 ||     5
       Halberd           |       |    71 |       ||    71
       Quarterstaff      |       |     8 |    43 ||    51
       Flail             |       |       |     4 ||     4
  Use: Potion            |       |     5 |       ||     5
       Scroll            |       |    10 |       ||    10
 Stab: Sleeping          |     6 |     4 |       ||    10
       Invisible         |       |     1 |       ||     1
       Petrified         |       |       |     3 ||     3
       Petrifying        |       |       |     1 ||     1
  Eat: Bread ration      |     1 |     1 |       ||     2
Armor: Robe              |    35 |    28 |       ||    63
       Scale mail        |       |    16 |     7 ||    23
       Chain mail        |       |       |    21 ||    21
Dodge: Dodged            |    76 |    80 |    25 ||   181
